 Dungeon Crawl Stone Soup version 0.28-a0-265-g048bc9fd10 (webtiles) character file.

Game seed: 15213739226612109857

310 dolemite99 the Chopper (level 6, -2/51 HPs)
             Began as a Hill Orc Monk on Aug 28, 2021.
             Was a Priest of Yredelemnul.
             Slain by a gnoll (8 damage)
             ... on level 4 of the Dungeon.
             The game lasted 00:04:50 (5934 turns).

dolemite99 the Chopper (Hill Orc Monk)              Turns: 5934, Time: 00:04:50

Health: -2/51      AC:  5    Str: 16    XL:     6   Next: 41%
Magic:  9/9        EV: 11    Int: 10    God:    Yredelemnul [***...]
Gold:   155        SH:  0    Dex: 13    Spells: 5/5 levels left

rFire   . . .      SeeInvis .   j - +1 hand axe (flame)
rCold   . . .      Faith    .   (no shield)
rNeg    . . .      Spirit   .   y - +0 ring mail
rPois   .          Reflect  .   (no helmet)
rElec   .          Harm     .   (no cloak)
rCorr   .          Rampage  .   (no gloves)
Will    .....                   (no boots)
Stlth   +.........              (no amulet)
HPRegen 0.17/turn               (no ring)
MPRegen 0.11/turn               (no ring)

@: no status effects
A: no striking features
a: Renounce Religion, Recall Undead Slaves, Injury Mirror, Animate Dead


You were on level 4 of the Dungeon.
You worshipped Yredelemnul.
Yredelemnul was most pleased with you.
You visited 2 branches of the dungeon, and saw 5 of its levels.

You collected 155 gold pieces.

Inventory:

Hand Weapons
 a - a +0 hand axe
 e - a +0 hunting sling
 j - a +1 hand axe of flaming (weapon)
 o - a +0 war axe
 w - a +0 hunting sling
Missiles
 f - 40 arrows
 h - 47 poisoned darts (quivered)
 k - 18 sling bullets
 n - 61 stones
 p - 7 bolts
Armour
 b - a +0 robe
 m - a +0 leather armour
 u - a +2 helmet
 y - a +0 ring mail (worn)
Wands
 q - a wand of digging (14)
 v - a wand of mindburst (14)
Scrolls
 d - a scroll of enchant armour {unknown}
 g - 3 scrolls of teleportation {unknown}
 i - a scroll of noise {unknown}
 r - a scroll of acquirement {unknown}
 s - a scroll of fog {unknown}
 x - a scroll of enchant weapon {unknown}
Potions
 c - a potion of haste {unknown}
 l - a potion of heal wounds {unknown}
 t - a potion of invisibility


   Skills:
 - Level 3.6 Fighting
 + Level 7.5 Axes
 - Level 2.4 Dodging
 - Level 1.5 Stealth
 + Level 5.0 Invocations


You had 5 spell levels left.
You didn't know any spells.
Your spell library was empty.

Dungeon Overview and Level Annotations

Branches:
Dungeon (4/15)             Temple (1/1) D:4

Altars:
Uskayaw
Yredelemnul

Shops:
D:3 (


Message History

You start waiting.
Done waiting.
You start waiting.
Done waiting.
There is a staircase back to the Dungeon, spattered with blood here.
You can't go down here!
You can't go down here!
There are no items here.
You climb upwards.
Welcome back to the Dungeon!
There is a staircase to the Ecumenical Temple, spattered with blood here.
The gnoll hits you from afar with a +0 halberd!
The gnoll hits you with a +0 halberd! The gnoll misses you.
There is a fountain of clear blue water here.
You hit the gnoll. You burn the gnoll.
The gnoll is moderately wounded.
The gnoll hits you with a +0 halberd. The gnoll closely misses you.
You hit the gnoll but do no damage.
The gnoll is moderately wounded.
The gnoll barely misses you.
The gnoll hits you from afar with a +0 spear.
You hit the gnoll but do no damage.
The gnoll is moderately wounded.
The gnoll barely misses you. The gnoll closely misses you.
The gnoll hits you with a +0 halberd!
You hit the gnoll. You burn the gnoll.
The gnoll is heavily wounded.
You hit the gnoll but do no damage. The gnoll hits you with a +0 spear.
* * * LOW HITPOINT WARNING * * *
The gnoll hits you with a +0 halberd.
* * * LOW HITPOINT WARNING * * *
You hit the gnoll. You burn the gnoll.
The gnoll is severely wounded.
You hit the gnoll. You burn the gnoll. The gnoll closely misses you.
The gnoll hits you with a +0 halberd.
* * * LOW HITPOINT WARNING * * *
You hit the gnoll but do no damage.
The gnoll is severely wounded.
You hit the gnoll. You burn the gnoll. The gnoll hits you with a +0 spear!
You die...
Your body rises from the dead as a mindless zombie.

##########........#
..................#
#########.........####
#.....#..>...........
#...............#....
#####.##........#.....
#....##........# ....
#.#####......g.##....
#..).........@..# J..
###########.g⌠..#
..##.....#
###.#.⌠)>.⌠#####
#................
#........⌠..#####
#...........##
#......#.....####
#......#...#....#


You could see 2 gnolls.

Vanquished Creatures
  A scorpion (D:4)
  A hound (D:4)
  A jelly (D:4)
  4 adders
  5 gnolls
  A worm (D:2)
  3 dart slugs
  2 orcs
  12 ball pythons
  4 endoplasms
  4 giant cockroaches
  7 goblins
  7 hobgoblins
  7 jackals (D:2)
  5 quokkas
  2 bats
  4 frilled lizards
  4 rats
74 creatures vanquished.

Vanquished Creatures (collateral kills)
  3 adders
  A gnoll (D:4)
  An endoplasm (D:2)
  A giant cockroach (D:2)
  A goblin (D:2)
  A hobgoblin (D:4)
  A jackal (D:2)
  A quokka (D:3)
  A ball python (D:3)
  2 kobolds
  A rat (D:2)
14 creatures vanquished.

Vanquished Creatures (others)
  A mummy (D:4)
  2 adder zombies
  6 ball python zombies
  A giant cockroach zombie (D:4)
  An orc zombie (D:4)
  2 quokka zombies
  A rat (D:1)
  A rat zombie (D:2)
  A scorpion zombie (D:4)
  2 demonic plants (Temple)
  2 plants (D:3)
20 creatures vanquished.

Grand Total: 108 creatures vanquished

Notes
Turn   | Place    | Note
-------+----------+-------------------------------------------
     0 | D:1      | dolemite99 the Hill Orc Monk began the quest for the Orb.
     0 | D:1      | Reached XP level 1. HP: 19/19 MP: 1/1
   187 | D:1      | Reached XP level 2. HP: 15/26 MP: 2/2
   604 | D:1      | Reached skill level 5 in Axes
   740 | D:1      | Found a faded altar of an unknown god.
   753 | D:1      | Became a worshipper of Yredelemnul the Dark
   753 | D:1      | Reached * piety under Yredelemnul
   753 | D:1      | Reached ** piety under Yredelemnul
  1091 | D:1      | Reached XP level 3. HP: 26/31 MP: 3/3
  1288 | D:2      | Reached *** piety under Yredelemnul
  1289 | D:2      | Reached skill level 1 in Invocations
  1923 | D:2      | Reached XP level 4. HP: 30/39 MP: 5/5
  2471 | D:2      | Reached skill level 6 in Axes
  3145 | D:3      | Reached XP level 5. HP: 36/45 MP: 7/7
  3942 | D:3      | Found Mepnuiq's Antique Weapon Emporium.
  4463 | D:4      | Found a hide-covered altar of Uskayaw.
  4484 | D:4      | Reached skill level 7 in Axes
  4485 | D:4      | Reached XP level 6. HP: 18/51 MP: 7/9
  4782 | D:4      | Found a staircase to the Ecumenical Temple.
  4794 | D:4      | Reached **** piety under Yredelemnul
  4794 | D:4      | Received a gift from Yredelemnul (a mummy)
  4931 | D:4      | HP: 2/51 [gnoll (8)]
  4951 | Temple   | Entered the Ecumenical Temple
  5551 | Temple   | Reached skill level 5 in Invocations
  5934 | D:4      | Slain by a gnoll

Illustrated notes

Levels and vault maps discovered:
D:1:      nzn_arrival_crosshair, layout_basic,
          chequers_ecumenical_altar_simple_redux, serial_co_window_serial,
          co_window_paths_a, co_window_cross_1, co_window_corner_a,
          co_window_corner_a, co_window_of_opportunity_a, co_window_broadway_a,
          co_window_of_opportunity_c, co_window_of_opportunity_b,
          co_window_2corner, co_window_unsneaky_path_a, glass_columns_a,
          glass_columns_b, glass_columns_a, glass_columns_c
D:2:      layout_loops_corners, minmay_misc_feat_chi, minmay_worlds_worst_comb
D:3:      layout_basic, serial_shops, shop_statue, minmay_shallow_snake_nest
D:4:      layout_basic, mainiacjoe_overflow_small_starburst, temple_fountains,
          uniq_menkaure
Temple:   corrupted_temple

Skill      XL: |  1  2  3  4  5  6 |
---------------+-------------------+-----
Axes           | 5 6 7 |  7.5
Invocations    | 2 3 4 5 |  5.0
Fighting       | |  3.6
Dodging        | |  2.4
Stealth        | |  1.5

Action                   |  1- 3 |  4- 6 || total
-------------------------+-------+-------++-------
Melee: Hand axe          |   104 |   115 ||   219
Throw: Dart              |       |    20 ||    20
Invok: Animate Remains   |     4 |       ||     4
       Animate Dead      |     6 |    17 ||    23
       Injury Mirror     |       |     1 ||     1
  Use: Potion            |       |     1 ||     1
 Stab: Sleeping          |     4 |     5 ||     9
       Distracted        |     1 |       ||     1
Armor: Robe              |    14 |       ||    14
       Leather armour    |     1 |    23 ||    24
       Ring mail         |       |     2 ||     2
Dodge: Dodged            |    64 |    80 ||   144

Table legend: (Time is in decaauts)
 A = Elapsed time spent in this place.
 B = Non-inter-level travel time spent in this place.
 C = Inter-level travel time spent in this place.
 D = Time resting spent in this place.
 E = Time spent auto-exploring this place.
 F = Levels seen in this place.
 G = Mean time per level.
                   A        B        C        D        E       F      G
               +--------+--------+--------+--------+--------+-----+--------+
         Total |   5934 |   5864 |     70 |   1765 |   3152 |   5 | 1186.8 |
       Dungeon |   4964 |   4894 |     70 |    816 |   3152 |   4 | 1241.0 |
        Temple |    969 |    969 |      0 |    949 |      0 |   1 |  969.0 |
               +--------+--------+--------+--------+--------+-----+--------+

Top non-repeatable levels by time:
     D:3: 1651 daAuts
     D:2: 1448 daAuts
     D:1: 1282 daAuts
  Temple: 969 daAuts
     D:4: 582 daAuts
